 Dungeon Sprint DCSS version 0.19.5 (webtiles) character file.

59 equalderp2856 the Scratcher (level 3, -6/18 HPs)
             Began as a Felid Fighter on Mar 10, 2017.
             Was an Initiate of Gozag.
             Mangled by Prince Ribbit (14 damage)
             ... in the Dungeon (Sprint VII: "The Pits").
             The game lasted 00:00:58 (129 turns).

equalderp2856 the Scratcher (Felid Fighter)          Turns: 129, Time: 00:00:59

Health: -6/18      AC:  1    Str: 13    XL:     3   Next: 78%
Magic:  4/4        EV: 21    Int:  9    God:    Gozag
Gold:   117        SH:  0    Dex: 15    Spells: 0 memorised, 2 levels left
                                        Lives:  0   Deaths: 0

rFire  . . .     SeeInvis +       - Unarmed
rCold  . . .     Gourm    .     (armour unavailable)
rNeg   . . .     Faith    .     (shield unavailable)
rPois  .         Spirit   .     (helmet unavailable)
rElec  .         Reflect  .     (cloak unavailable)
rCorr  .         Harm     .     (gloves unavailable)
MR     .....     NoTele   +     (boots unavailable)
Stlth  ++........               (no amulet)
                                (no ring)
                                (no ring)

@: quick
A: no armour, no weapons or thrown items, stealth, claws 1, fangs 3, see
invisible, carnivore 3, speed 1, shaggy fur 1, slow metabolism 1, sharp paws
a: Potion Petition, Call Merchant, Bribe Branch, Renounce Religion


You were in the Dungeon.
You worshipped Gozag.
Gozag was aware of your devotion.
You were not hungry.

You visited 1 branch You collected 117 gold pieces.

Inventory:

Scrolls
 h - a scroll of blinking
 j - 3 scrolls of remove curse
 k - 5 scrolls of amnesia
 l - a scroll of summoning
Potions
 a - a potion of might
 c - a potion of curing
 e - a potion of haste
 f - 4 potions of magic
 g - 3 potions of berserk rage
 i - 2 potions of invisibility
Comestibles
 b - 8 meat rations


   Skills:
 + Level 4.2 Fighting
 + Level 5.8 Dodging
 + Level 2.0 Stealth
 + Level 7.0 Unarmed Combat


You had 2 spell levels left.
You didn't know any spells.

Dungeon Overview and Level Annotations

Branches:
Dungeon (1/1)

Altars:
Ashenzari
Cheibriados
Dithmenos
Elyvilon
Fedhas
Gozag
Hepliaklqana
Kikubaaqudgha
Makhleb
Nemelex Xobeh
Okawaru
Qazlal
Ru
Sif Muna
Trog
Uskayaw
Vehumet
Xom
Yredelemnul
Zin
The Shining One
Beogh
Jiyva
Lugonu

Annotations:
D Prince Ribbit


Innate Abilities, Weirdness & Mutations

You cannot wear armour.
You are incapable of wielding weapons or throwing items.
Your paws allow you to move quietly. (Stealth)
You have sharp claws.
You have razor-sharp teeth.
You have supernaturally acute eyesight. (SInv)
You are carnivorous and can eat meat at any time.
You cover ground quickly.
You are covered in fur. (AC +1)
You have a slow metabolism.
Your sharp claws are effective at attacking unaware monsters.


Message History

Your Stealth skill increases to level 2!
Your Unarmed Combat skill increases to level 7!
Prince Ribbit completely misses you.
There is an open door, spattered with blood here.
Things that are here:
108 gold pieces; a club Prince Ribbit croaks regally.
Prince Ribbit hits you.
Things that are here:
108 gold pieces; a whip; a dagger
There is an open door here.
There is an open door here.
You see here a whip.
Prince Ribbit blinks!
There is an open door here.
You see here a whip.
Prince Ribbit hits you!
Ouch! That really hurt!
You die...
Your body crumbles into a pile of gold.

#__________#
#____#####'###########++
######)))#.##...........
#%?(.')))'.##......#..#.
##########.##...........
#...........'...........
#+#####'#####......#..#.
#..#.F#..##...........
#..+..@..#####'#####++
##$####'###.......#
#.....$..##.......#
#........##.......#
#####+#####...<...#
#.......# #.......#
#.......# #########


You could see Prince Ribbit.

Vanquished Creatures
  A worker ant (D)
  2 gnolls (D)
  An ufetubus (D)
  An ooze (D)
  An orc (D)
  A goblin (D)
  A hobgoblin (D)
  A rat (D)
9 creatures vanquished.

Notes
Turn   | Place    | Note
-------+----------+-------------------------------------------
     0 | D        | equalderp2856 the Felid Fighter began the quest for the Orb.
     0 | D        | Reached XP level 1. HP: 10/10 MP: 2/2
    15 | D        | Reached skill level 5 in Unarmed Combat
    15 | D        | Reached XP level 2. HP: 14/14 MP: 3/3
    38 | D        | Found a radiant altar of Vehumet.
    38 | D        | Found a hide-covered altar of Uskayaw.
    38 | D        | Found an ancient bone altar of Kikubaaqudgha.
    38 | D        | Found a viscous altar of Jiyva.
    38 | D        | Found a hazy altar of Hepliaklqana.
    39 | D        | Found a bloodstained altar of Trog.
    39 | D        | Found a deep blue altar of Sif Muna.
    39 | D        | Found a sacrificial altar of Ru.
    39 | D        | Found a stormy altar of Qazlal.
    39 | D        | Found an iron altar of Okawaru.
    39 | D        | Found a sparkling altar of Nemelex Xobeh.
    39 | D        | Found an opulent altar of Gozag.
    39 | D        | Found a blossoming altar of Fedhas.
    39 | D        | Found a white marble altar of Elyvilon.
    39 | D        | Found a shadowy altar of Dithmenos.
    39 | D        | Found a snail-covered altar of Cheibriados.
    40 | D        | Found a glowing golden altar of the Shining One.
    40 | D        | Found a glowing silver altar of Zin.
    42 | D        | Found a roughly hewn altar of Beogh.
    42 | D        | Found a burning altar of Makhleb.
    42 | D        | Found a basalt altar of Yredelemnul.
    43 | D        | Found a shattered altar of Ashenzari.
    43 | D        | Found a corrupted altar of Lugonu.
    43 | D        | Found a shimmering altar of Xom.
    45 | D        | Became a worshipper of Gozag Ym Sagoz the Greedy
    86 | D        | Reached skill level 5 in Dodging
    86 | D        | Reached skill level 6 in Unarmed Combat
    90 | D        | Reached XP level 3. HP: 18/18 MP: 4/4
    95 | D        | Noticed Prince Ribbit
   107 | D        | Reached skill level 1 in Stealth
   118 | D        | Reached skill level 7 in Unarmed Combat
   129 | D        | Mangled by Prince Ribbit

Skill      XL: |  1  2  3 |
---------------+----------+-----
Unarmed Combat | 5 6 7 |  7.0
Dodging        | 5 |  5.8
Fighting       | 4 |  4.2
Stealth        | 2 |  2.0

Action                   || total
-------------------------++-------
Melee: Unarmed           ||    23
       Bite              ||     3
       Punch             ||     1
  Use: Potion            ||     1
 Stab: Sleeping          ||     2
Armor: Skin              ||     1
Dodge: Dodged            ||    21
